 Dungeon Crawl Stone Soup version 0.32-a0-841-g4648e6c457 (webtiles) character file.

Game seed: 7051139909719203171

452 BubbleThief the Apothecary (level 7, -5/55 HPs)
             Began as a Naga Alchemist on Mar 26, 2024.
             Killed by divine providence
             ... invoked by an orc priest
              (14 damage)
             ... on level 4 of the Dungeon.
             The game lasted 00:08:20 (2769 turns).

BubbleThief the Apothecary (Naga Alchemist)         Turns: 2769, Time: 00:08:21

Health: -5/55      AC:  5    Str: 11    XL:     7   Next: 5%
Magic:  5/22       EV:  8    Int: 17    God:
Gold:   169        SH:  0    Dex: 11    Spells: 3/15 levels left

rFire   + . .        o - +2 falchion (drain)
rCold   . . .        (no shield)
rNeg    . . .        a - +0 robe
rPois   +            h - +0 helmet
rElec   .            (no cloak)
rCorr   .            j - +0 pair of gloves
SInv    +            (no barding)
Will    .....        d
                       - Hermit's Pendant {Faith Invo=14 Evo=0 MP+5}
Stlth   ++           l - ring of protection from fire
HPRegen 0.29/turn    (no ring)
MPRegen 0.18/turn

%: faith
@: very slightly contaminated, very slow
A: AC +2, large, see invisible, deformed body, poison resistance, slowness 2,
spit poison 1, naga tail 1
a: Spit Poison, Convert to Beogh


You were on level 4 of the Dungeon.
You visited 1 branch of the dungeon, and saw 4 of its levels.

You collected 169 gold pieces.

Inventory:

Hand Weapons
 c - a +0 dagger
 o - a +2 falchion of draining (weapon)
Armour
 a - a +0 robe (worn)
 h - a +0 helmet (worn)
 j - a +0 pair of gloves (worn)
Jewellery
 d - the Hermit's Pendant (around neck) {Faith Invo=14 Evo=0 MP+5}
   (You found it on level 2 of the Dungeon)

   [amulet of faith]

   Invo=14: It sets your Invocations skill to 14.
   Evo=0: It sets your Evocations skill to 0.
   Faith:     It allows you to gain divine favour quickly.
   MP+5:      It affects your magic capacity (+5).
 l - a ring of protection from fire (left hand)
Scrolls
 e - 4 scrolls of identify {unknown}
 g - a scroll of blinking {unknown}
 k - 2 scrolls of poison {unknown}
Potions
 b - a potion of magic
 f - 3 potions of enlightenment {unknown}
 i - 3 potions of heal wounds {unknown}
 q - 2 potions of berserk rage {unknown}
 r - a potion of degeneration {unknown}


   Skills:
 - Level 1.5 Dodging
 - Level 3.0 Stealth
 + Level 4.9 Spellcasting
 - Level 1.0 Conjurations
 + Level 2.5 Fire Magic
 - Level 6.0 Alchemy


You had 3 spell levels left.
You knew the following spells:

 Your Spells              Type           Power      Damage    Failure   Level
a - Sting                 Conj/Alch      64%        1d7       3%          1
b - Mephitic Cloud        Conj/Alch/Air  12%        N/A       16%         3
c - Olgreb's Toxic Radia  Alch           24%        N/A       12%         4
d - Sticky Flame          Fire/Alch      18%        2d6       24%         4

Your spell library contained the following spells:

 Spells                   Type           Power      Damage    Failure   Level
 Mercury Vapours          Alch/Air       28%        N/A       6%          2
 Freeze                   Ice            16%        1d4       14%         1
 Hailstorm                Conj/Ice       5%         3d5       34%         3
 Frozen Ramparts          Ice            8%         1d2       41%         3


Dungeon Overview and Level Annotations

Branches:
Dungeon (4/15)
 Temple: D:4-7

Altars:
Vehumet
Zin

Shops:
D:3 *(*((!


Innate Abilities, Weirdness & Mutations

Your serpentine skin is tough. (AC +2)
You have supernaturally acute eyesight. (SInv)
Armour fits poorly on your strangely shaped body.
Your system is resistant to poisons. (rPois)
You cover ground very slowly.
You can spit poison.
You have a snake-like lower body.


Message History

A scorpion comes into view.
The bullfrog zombie hits you but does no damage.
The orc priest threatens, "Beogh's wrath is as vast as their mercy.
Make your choice!" (press Y on the ability menu to convert to Beogh)
Casting: Olgreb's Toxic Radiance (quite dangerous; 12% risk of failure)
Confirm with . or Enter, or press ? or * to list all spells.
You begin to radiate toxic energy.
The scorpion is poisoned.
The orc wizard is poisoned.
The orc is poisoned.
The orc priest is poisoned. x2
The orc priest shouts, "Beogh offers mercy even to people such as you.
Join us and be reborn!"
The scorpion looks even sicker.
The bullfrog zombie hits you.
* * * LOW HITPOINT WARNING * * *
The phantom hits you.
* * * LOW HITPOINT WARNING * * *
The phantom completely misses you.
Unknown command.
Unknown command.
The orc wizard looks even sicker.
The orc priest looks even sicker.
The water moccasin zombie falls through a shaft!
The shaft crumbles and collapses.
The bullfrog zombie barely misses you.
Unknown command.
Unknown command.
The orc wizard looks even sicker.
Your toxic aura wanes.
The bullfrog zombie hits you but does no damage.
The phantom hits the withered plant.
The withered plant begins to crumble.
The withered plant begins to die.
Unknown command.
You feel a bit more experienced. x2
The bullfrog zombie hits the withered plant. x2
The howler monkey zombie hits you.
* * * LOW HITPOINT WARNING * * *
The phantom hits the withered plant!
The phantom hits you.
* * * LOW HITPOINT WARNING * * *
You have reached level 7!
Unknown command.
Found a sedimented grey potion.
The bullfrog zombie hits the withered plant. x2
The orc priest calls down the wrath of Beogh upon you.
Beogh smites you!
You die...

..##. ..#### #
.....##§§§§#.###
..Z...§§§§P#....
.Z....§§§§..... .
.<...~§~~~~..##..
.........~§~§P.....
.......Z.WZ~~...# .
.......§§§ZP..####....
#........ZZWWZ@......#
........§oZo###.......
.........§WZ..........
.............s...#....
.................# ...
...........#...... .!
.......ß...#.....#. .
#..................
...............


You could see 3 phantoms, an orc priest (poisoned), an orc wizard (very
poisoned), 2 hound zombies, 2 bullfrog zombies, a centaur zombie and a howler
monkey zombie.

Vanquished Creatures
  A water moccasin (D:4)
  A scorpion (D:4)
  A bombardier beetle (D:3)
  Natasha (thrice) (D:2)
  2 orc wizards (D:4)
  Robin (D:2)
  3 adders
  2 ribbon worms
  16 orcs
  9 ball pythons
  4 endoplasms
  2 giant cockroaches
  7 goblins
  6 hobgoblins
  4 kobolds
  2 quokkas (D:1)
  5 bats
  4 frilled lizards (D:1)
  7 rats
80 creatures vanquished.

Notes
Turn   | Place    | Note
-------+----------+-------------------------------------------
     0 | D:1      | BubbleThief the Naga Alchemist began the quest for the Orb.
     0 | D:1      | Reached XP level 1. HP: 15/15 MP: 3/3
   155 | D:2      | Noticed Natasha
   160 | D:2      | Killed Natasha
   161 | D:2      | Reached skill level 4 in Alchemy
   161 | D:2      | Reached XP level 2. HP: 14/22 MP: 0/5
   161 | D:2      | Reached XP level 3. HP: 18/28 MP: 0/7
   165 | D:2      | Learned a level 3 spell: Mephitic Cloud
   238 | D:2      | Found the Hermit's Pendant {Faith Invo=14 Evo=0 MP+5}
   494 | D:2      | Noticed Natasha
   500 | D:2      | Killed Natasha
   501 | D:2      | Reached XP level 4. HP: 18/36 MP: 12/13
   597 | D:2      | Noticed Natasha
   604 | D:2      | Killed Natasha
   605 | D:2      | Reached skill level 5 in Alchemy
   743 | D:2      | Noticed Robin
   752 | D:2      | Killed Robin
   990 | D:1      | Reached XP level 5. HP: 42/42 MP: 14/14
  1726 | D:3      | Found Zezxeac's Weapon Boutique.
  1773 | D:3      | Learned a level 4 spell: Olgreb's Toxic Radiance
  1809 | D:3      | Found Zin's Purification Station.
  1812 | D:3      | Found a glowing silver altar of Zin.
  1847 | D:3      | Found Ineasyekyfi's Weapon Shop.
  2075 | D:3      | Reached skill level 6 in Alchemy
  2110 | D:3      | Reached XP level 6. HP: 46/48 MP: 16/16
  2311 | D:3      | Found a radiant altar of Vehumet.
  2380 | D:3      | Found Taac's Weapon Shoppe.
  2394 | D:3      | Learned a level 4 spell: Sticky Flame
  2460 | D:3      | Found Novuibar's Distillery.
  2681 | D:3      | Found Gialew's General Store.
  2751 | D:4      | Reached skill level 1 in Fire Magic
  2758 | D:4      | Noticed a water moccasin
  2763 | D:4      | Killed a water moccasin
  2769 | D:4      | Reached XP level 7. HP: 8/55 MP: 5/17
  2769 | D:4      | Killed from afar by an orc priest

Illustrated notes

Levels and vault maps discovered:
D:1:      dpeg_arrival_solitude, layout_rooms, hex_medium,
          dreamdust_princess_bridge, minivault_19
D:2:      layout_loops_ring, minmay_heptomino_d4, uniq_robin, uniq_natasha
D:3:      layout_basic, nicolae_vehumet_radiance, zin_purify, serial_shops,
          shop, nicolae_shop_real_fake_doors, shop, shop, shop
D:4:      cheibrodos_helix_gallery, layout_rooms, mainiacjoe_overflow_chevrons,
          portal_sewer_entry_a, serial_undead, serial_undead_f, serial_undead_f,
          serial_undead_a, serial_undead_d

Skill      XL: |  1  2  3  4  5  6 |
---------------+-------------------+-----
Alchemy        | 4 5 6 |  6.0
Spellcasting   | 3 4 |  4.9
Fire Magic     | 2 |  2.5
Dodging        | |  1.5
Stealth        | |  3.0
Conjurations   | |  1.0

Action                     |  1- 3 |  4- 6 |  7- 9 || total
---------------------------+-------+-------+-------++-------
  Melee: Dagger            |       |    10 |       ||    10
         Falchion          |       |     6 |       ||     6
   Cast: Sting             |    12 |    72 |       ||    84
         Olgreb's Toxic Ra |       |     3 |       ||     3
         Sticky Flame      |       |     1 |       ||     1
Ability: Spit Poison       |    11 |    43 |       ||    54
    Use: Scroll            |       |     3 |       ||     3
 Armour: Robe              |     8 |    45 |       ||    53
  Dodge: Dodged            |     5 |    26 |       ||    31

Table legend: (Time is in decaauts)
 A = Elapsed time spent in this place.
 B = Non-inter-level travel time spent in this place.
 C = Inter-level travel time spent in this place.
 D = Time resting spent in this place.
 E = Time spent auto-exploring this place.
 F = Levels seen in this place.
 G = Mean time per level.
                   A        B        C        D        E       F      G
               +--------+--------+--------+--------+--------+-----+--------+
         Total |   3566 |   3464 |    102 |      0 |   2928 |   4 |  891.5 |
       Dungeon |   3566 |   3464 |    102 |      0 |   2928 |   4 |  891.5 |
               +--------+--------+--------+--------+--------+-----+--------+

Top non-repeatable levels by time:
     D:3: 1386 daAuts
     D:2: 1122 daAuts
     D:1: 1025 daAuts
     D:4: 32 daAuts
